cohdb
Replays
Latest Replays
All Replays
Popular Replays
Top Player Replays
Match Explorer
How It Works
Community
CoH3 Stats
Reddit
Sign in to upload your games and track your stats! →
Sign in with Steam
Match 40832730
Unlisted
Match 40832730
Overview
Messages
Build Orders
End
Construct Section Command Post
Dingo Light Scout Car
Infantry Section
Infantry Section
Infantry Section
Grenade Package
Construct Platoon Command Post
6-pounder Anti-tank Gun Team
Unlock M3 Stuart Light Tanks
M3 Stuart Light Tank
M3 Stuart Light Tank
M3 Stuart Light Tank
Light Vehicle Training
Selects Heavy Armor Battlegroup
Selects Light Vehicle Withdraw and Refit
Selects Radio Net
Construct Company Command Post
Selects Recon Artillery
Selects Recon Artillery
Recon Artillery
Unlock M3 Grant Medium Tanks
カルト_くん
Hue
YO BOY ANT
Monkey Master of Monkeys
Arnie
Maniax
Shai-Los Pollos Hermanos
Clavis
0
0
Comments
sign in to comment!
No comments posted yet!